 Dungeon Crawl Stone Soup version 0.27-a0-59-gfbafd837a3 (webtiles) character file.

Game seed: 2894937085853382992

235 p0werm0de the Slasher (level 5, -1/41 HPs)
             Began as a Vampire Chaos Knight on Jan 8, 2021.
             Was a Plaything of Xom.
             Slain by Robin the redback (glowing shapeshifter) (13 damage)
             ... on level 3 of the Dungeon.
             The game lasted 00:01:49 (1973 turns).

p0werm0de the Slasher (Vampire Chaos Knight)        Turns: 1973, Time: 00:01:50

Health: -1/41      AC:  6    Str: 12    XL:     5   Next: 76%
Magic:  5/5        EV: 13    Int: 14    God:    Xom [..*...]
Gold:   163        SH:  0    Dex: 14    Spells: 4/4 levels left

rFire    . . .     SeeInvis +   a - +0 falchion (chaos)
rCold    . . .     Faith    .   (no shield)
rNeg     . . .     Spirit   .   b - +2 leather armour
rPois    .         Reflect  .   j - +0 helmet
rElec    .         Harm     .   (no cloak)
rCorr    .         Rampage  .   (no gloves)
Will     .....                  (no boots)
Stlth    +.........             (no amulet)
HPRegen  0.33/turn              (no ring)
MPRegen  0.09/turn              (no ring)

@: regenerating quickly
A: fangs 3, see invisible, unbreathing
a: Exsanguinate, Renounce Religion


You were on level 3 of the Dungeon.
You worshipped Xom.
You were a toy of Xom.
You visited 1 branch of the dungeon, and saw 3 of its levels.

You collected 163 gold pieces.

Inventory:

Hand Weapons
 a - a +0 falchion of chaos (weapon)
Armour
 b - a +2 leather armour (worn)
 j - a +0 helmet (worn)
   (You found it on level 1 of the Dungeon)
Jewellery
 n - an uncursed amulet of magic regeneration {unknown}
   (You found it on level 2 of the Dungeon)
Scrolls
 c - 4 scrolls of identify {unknown}
 e - a scroll of amnesia {unknown}
 f - a scroll of enchant armour {unknown}
 g - 2 scrolls of teleportation {unknown}
 h - 2 scrolls of random uselessness {unknown}
 i - a scroll of immolation {unknown}
 k - a scroll of enchant weapon {unknown}


   Skills:
 + Level 3.5 Fighting
 * Level 4.7 Long Blades
 + Level 2.0 Armour
 + Level 3.5 Dodging


You had 4 spell levels left.
You didn't know any spells.
Your spell library was empty.

Dungeon Overview and Level Annotations

Branches:
Dungeon (3/15)

Altars:
Ru

Annotations:
D:3 1 runed translucent door, Grinder, Robin


Innate Abilities, Weirdness & Mutations

Your natural rate of healing is unusually fast.
You have razor-sharp teeth.
You have supernaturally acute eyesight. (SInv)
You can survive without breathing.


Message History

Robin is moderately wounded.
Robin the death drake changes into a wind drake!
Grinder gestures at you. You resist with significant effort.
You closely miss Robin.
Robin begins repelling missiles!
You hit Robin but do no damage. Robin bites you!
You hit Robin. You freeze Robin.
Robin is lightly wounded.
Robin the wind drake changes into a redback!
Grinder blinks!
You slash Robin! You freeze Robin.
Robin is heavily wounded.
The goblin barely misses you.
You riposte.
You miss the goblin.
Grinder blinks!
Robin bites you!
* * * LOW HITPOINT WARNING * * *
You hit Robin. You freeze Robin.
Robin is severely wounded.
Robin bites you!
You die...
Xom titters!

...(........##
#.#####.##...##
#.......#
####....###
#......##
#..###..# #..#
##.##
#..####).########
#..#g@..........#
#...s##......##.#
#.)5.###....##
#...#..###..##
#.#.#...#####
..........#
###.#.#....#
#.#.#...## #
..#..##


You could see Grinder, Robin the redback shaped shifter and a goblin (strong).

Vanquished Creatures
  2 orc priests (D:3)
  Ijyb (D:3)
  An orc wizard (D:3)
  3 gnolls (D:2)
  3 oozes
  5 worms
  3 dart slugs
  An orc (D:3)
  3 giant cockroaches
  7 goblins
  8 hobgoblins
  5 jackals (D:1)
  A ball python (D:1)
  6 bats
  4 frilled lizards
  7 kobolds
  8 rats
68 creatures vanquished.

Notes
Turn   | Place    | Note
-------+----------+-------------------------------------------
     0 | D:1      | p0werm0de the Vampire Chaos Knight began the quest for the
                  | Orb.
     0 | D:1      | Reached XP level 1. HP: 17/17 MP: 1/1
    30 | D:1      | XOM: divination: detect items
    48 | D:1      | Reached skill level 1 in Armour
    48 | D:1      | Reached XP level 2. HP: 20/23 MP: 2/2
   233 | D:1      | Reached XP level 3. HP: 22/28 MP: 3/3
   765 | D:2      | Found a sacrificial altar of Ru.
   782 | D:2      | XOM: potion effect (curing)
   789 | D:2      | Reached XP level 4. HP: 13/35 MP: 4/4
   789 | D:2      | XOM: silly message
   792 | D:2      | HP: 1/35 [gnoll/+0 spear (3)]
   812 | D:2      | XOM: noise
   905 | D:2      | Reached skill level 4 in Long Blades
  1001 | D:2      | XOM: 3-stop teleportation journey
  1523 | D:3      | HP: 2/52 [orc/+0 trident (4)]
  1536 | D:3      | Reached XP level 5. HP: 22/41 MP: 5/5
  1575 | D:3      | HP: 1/41 [orc/+0 trident (11)]
  1746 | D:3      | XOM: silly message
  1758 | D:3      | Found a runed translucent door.
  1884 | D:3      | XOM: divination: magic mapping
  1928 | D:3      | Noticed Ijyb
  1932 | D:3      | Noticed Robin
  1939 | D:3      | Noticed Grinder
  1946 | D:3      | Paralysed by Ijyb for 3 turns
  1956 | D:3      | Killed Ijyb
  1957 | D:3      | XOM: potion effect (curing)
  1962 | D:3      | Noticed Robin
  1962 | D:3      | Robin changed into Robin the glowing shapeshifter
  1963 | D:3      | Noticed Robin
  1963 | D:3      | Robin the glowing shapeshifter changed into Robin the
                  | glowing orange brain
  1966 | D:3      | Noticed Robin
  1966 | D:3      | Robin the glowing orange brain changed into Robin the death
                  | drake
  1968 | D:3      | Noticed Robin
  1968 | D:3      | Robin the death drake changed into Robin the wind drake
  1971 | D:3      | Noticed Robin
  1971 | D:3      | Robin the wind drake changed into Robin the redback
  1973 | D:3      | Slain by Robin the redback (glowing shapeshifter)

Illustrated notes

Levels and vault maps discovered:
D:1:      elethiomel_arrival_infinity_welcomes_careful_drivers, layout_rooms
D:2:      layout_basic, hangedman_ru_absence
D:3:      layout_loops_ring, ebering_ghost_sewer_d, minivault_19, uniq_ijyb,
          uniq_grinder, uniq_robin, uniq_crazy_yiuf_cottage

Skill      XL: |  1  2  3  4  5 |
---------------+----------------+-----
Armour         | 1 2 |  2.0
Fighting       | 3 |  3.5
Long Blades    | 4 |  4.7
Dodging        | 3 |  3.5

Action                   |  1- 3 |  4- 6 || total
-------------------------+-------+-------++-------
Melee: Falchion          |    89 |   127 ||   216
       Bite              |    12 |    13 ||    25
  Use: Potion            |       |     3 ||     3
 Stab: Petrified         |     8 |       ||     8
       Petrifying        |     1 |       ||     1
       Sleeping          |       |     1 ||     1
       Paralysed         |       |     2 ||     2
Armor: Leather armour    |    34 |    33 ||    67
       Skin              |       |    49 ||    49
Dodge: Dodged            |    77 |    83 ||   160
       Rpst.: Falchion   |    21 |    23 ||    44

Table legend: (Time is in decaauts)
 A = Elapsed time spent in this place.
 B = Non-inter-level travel time spent in this place.
 C = Inter-level travel time spent in this place.
 D = Time resting spent in this place.
 E = Time spent auto-exploring this place.
 F = Levels seen in this place.
 G = Mean time per level.
                   A        B        C        D        E       F      G
               +--------+--------+--------+--------+--------+-----+--------+
         Total |   1993 |   1868 |    125 |    240 |   1137 |   3 |  664.3 |
       Dungeon |   1993 |   1868 |    125 |    240 |   1137 |   3 |  664.3 |
               +--------+--------+--------+--------+--------+-----+--------+

Top non-repeatable levels by time:
     D:1: 822 daAuts
     D:2: 696 daAuts
     D:3: 475 daAuts
